 Dungeon Crawl Stone Soup version 0.30.0-5-g1a98f26d00 (webtiles) character file.

Game seed: 9971811450500524053

212 voltaire321 the Trooper (level 5, -14/42 HPs)
             Began as a Demonspawn Fighter on May 10, 2023.
             Demolished by a sleepcap (18 damage)
             ... on level 4 of the Dungeon.
             The game lasted 00:06:03 (2896 turns).

voltaire321 the Trooper (Demonspawn Fighter)        Turns: 2896, Time: 00:06:04

Health: -14/42     AC: 12    Str: 18    XL:     5   Next: 58%
Magic:  5/5        EV:  2    Int: 10    God:
Gold:   301        SH:  0    Dex: 16    Spells: 4/4 levels left

rFire   + . .        a - +0 war axe
rCold   . . .        c - +0 buckler
rNeg    . . .        b - +0 scale mail
rPois   .            (no helmet)
rElec   .            (no cloak)
rCorr   .            (no gloves)
SInv    +            (no boots)
Will    .....        r - amulet of the Princess {RegenMP Rampage rF+ Dex+4 SInv} Stlth
                     (no ring)
HPRegen 0.27/turn    (no ring)
MPRegen 0.49/turn

%: rampage
@: sleeping, sanguine armoured
A: spiny 1, sanguine armour 1, weakness stinger 1
a: no special abilities


You were on level 4 of the Dungeon.
You visited 1 branch of the dungeon, and saw 4 of its levels.

You collected 301 gold pieces.

Inventory:

Hand Weapons
 a - a +0 war axe (weapon)
Missiles
 g - 3 boomerangs (quivered)
Armour
 b - a +0 scale mail (worn)
 c - a +0 buckler (worn)
Jewellery
 r - the amulet of the Princess (around neck) {RegenMP Rampage rF+ Dex+4 SInv}
   (You found it on level 3 of the Dungeon)

   [amulet of magic regeneration]

   It increases your rate of magic regeneration.
   Dex:       It affects your dexterity (+4).
   rF:        It protects you from fire.
   SInv:      It lets you see invisible.
   Rampage:   It bestows one free step when moving towards enemies.
 t - a ring of wizardry
Scrolls
 f - 3 scrolls of identify {unknown}
 j - 2 scrolls of poison {unknown}
 k - a scroll of immolation {unknown}
 l - a scroll of magic mapping {unknown}
 o - a scroll of noise {unknown}
 p - 2 scrolls of blinking {unknown}
 q - a scroll of teleportation {unknown}
Potions
 d - a potion of might
 e - a potion of flight {unknown}
 h - a potion of invisibility {unknown}
 i - 2 potions of resistance {unknown}
 n - 2 potions of curing {unknown}
 s - a potion of mutation {unknown}


   Skills:
 + Level 3.8 Fighting
 + Level 2.8 Axes
 + Level 3.5 Armour
 + Level 2.0 Dodging
 + Level 3.5 Shields


You had 4 spell levels left.
You didn't know any spells.
Your spell library contained the following spells:

 Spells                   Type           Power      Damage    Failure   Level
 Cigotuvi's Dreadful Rot  Necr/Pois/Air  0%         N/A       92%         2
 Dispel Undead            Necr           0%         3d6       100%        4
 Death Channel            Necr           0%         N/A       100%        6


Dungeon Overview and Level Annotations

Branches:
Dungeon (4/15)
 Temple: D:4-7

Altars:
Fedhas
Kikubaaqudgha
Okawaru
Yredelemnul

Shops:
D:2 *   D:3 :

Annotations:
D:2 1 runed translucent door, Crazy Yiuf


Innate Abilities, Weirdness & Mutations

You are partially covered in sharp spines.
When seriously injured, your blood forms armour. (AC +6)
You have a small tail.


Message History

You closely miss the centaur. The centaur is struck by your spines.
The centaur hits you.
* * * LOW HITPOINT WARNING * * *
The centaur kicks you but does no damage.
The centaur is struck by your spines.
The centaur hits you but does no damage.
The centaur kicks you but does no damage.
You barely miss the centaur.
The centaur is lightly wounded.
You hit the sleepcap but do no damage.
The centaur hits you but does no damage.
The centaur barely misses you. The sleepcap barely misses you.
The centaur is struck by your spines. The centaur misses you.
The centaur kicks you but does no damage.
You closely miss the centaur. You tail-slap the centaur.
The centaur is heavily wounded.
You hit the sleepcap. The centaur is struck by your spines.
The centaur completely misses you. The centaur closely misses you.
You block the sleepcap's attack. The centaur is struck by your spines.
The centaur hits you but does no damage.
The centaur kicks you but does no damage.
The sleepcap barely misses you.
You slash the centaur!
You kill the centaur!
You hit the sleepcap but do no damage.
The sleepcap releases spores at you but does no damage.
Your Dodging skill increases to level 2!
You have reached level 5!
You slash the sleepcap!
The sleepcap is moderately damaged.
The sleepcap is struck by your spines. The sleepcap barely misses you.
You hit the sleepcap but do no damage. You tail-slap the sleepcap.
The sleepcap is heavily damaged.
The sleepcap is struck by your spines. The sleepcap releases spores at you.
* * * LOW HITPOINT WARNING * * *
You are engulfed in a cloud of soporific spores!
You fall asleep.
The sleepcap releases spores at you but does no damage. x2
The sleepcap is struck by your spines. The sleepcap releases spores at you!!
You die...

..........#..##
..........##..#
.........###..##
........## ##..#
..##..### ##..####
.###### ##......### .#
#.........# .#
##.........## .#
#......@....# .#
#.....f)....# .#
#........)...# .#####
#............# .....##
##..........##
......#####..........#
..........#..........#
..........#.#........#
.......####


You could see a sleepcap.

Vanquished Creatures
  A centaur (D:4)
  Terence (D:2)
  An orc wizard (D:4)
  3 adders
  A dart slug (D:1)
  An orc (D:4)
  3 ball pythons
  6 endoplasms
  A giant cockroach (D:2)
  6 goblins
  6 hobgoblins
  4 jackals (D:1)
  9 kobolds
  3 quokkas
  A bat (D:3)
  2 frilled lizards
  5 rats
54 creatures vanquished.

Vanquished Creatures (others)
  A human (D:4)
  An orc (D:4)
2 creatures vanquished.

Grand Total: 56 creatures vanquished

Notes
Turn   | Place    | Note
-------+----------+-------------------------------------------
     0 | D:1      | voltaire321 the Demonspawn Fighter began the quest for the
                  | Orb.
     0 | D:1      | Reached XP level 1. HP: 18/18 MP: 1/1
   214 | D:1      | Gained mutation: You are partially covered in sharp spines.
                  | [demonic ancestry]
   214 | D:1      | Reached XP level 2. HP: 19/24 MP: 2/2
  1046 | D:2      | Gained mutation: You have a small tail. [demonic ancestry]
  1046 | D:2      | Reached XP level 3. HP: 29/29 MP: 3/3
  1046 | D:2      | Noticed Terence
  1047 | D:2      | Found Otaik's Assorted Antiques.
  1060 | D:2      | Killed Terence
  1061 | D:2      | Reached skill level 1 in Dodging
  1362 | D:2      | Found a runed translucent door.
  1365 | D:2      | Noticed Crazy Yiuf
  1568 | D:3      | Found a blossoming altar of Fedhas.
  1713 | D:3      | Gained mutation: When seriously injured, your blood forms
                  | armour. (AC +6) [demonic ancestry]
  1713 | D:3      | Reached XP level 4. HP: 35/35 MP: 4/4
  1752 | D:3      | Found a faded altar of an unknown god.
  1780 | D:3      | Found an iron altar of Okawaru.
  1974 | D:3      | Found a basalt altar of Yredelemnul.
  2224 | D:3      | Found Douklown's Book Emporium.
  2224 | D:3      | Identified the amulet of the Princess {RegenMP Rampage rF+
                  | Dex+4 SInv}
  2677 | D:4      | Found an ancient bone altar of Kikubaaqudgha.
  2681 | D:4      | Noticed a human
  2682 | D:4      | Killed a human
  2883 | D:4      | Noticed a centaur
  2892 | D:4      | Killed a centaur
  2893 | D:4      | Reached XP level 5. HP: 7/42 MP: 5/5
  2896 | D:4      | Demolished by a sleepcap

Illustrated notes

Levels and vault maps discovered:
D:1:      evilmike_arrival_plus, layout_basic, solitary_fountain
D:2:      layout_rooms, serial_shops, nicolae_diamond_shop,
          uniq_crazy_yiuf_cottage, uniq_terence
D:3:      layout_basic, amcnicky_altar_gilded, fedhas_altar_1,
          mainiacjoe_overflow_catwalk, serial_shops,
          nicolae_shop_window_shopping, shapermc_ecumenical_altar_flowoftime,
          minmay_misc_feat_chi
D:4:      layout_cave_pods, makhleb_altar_promises_db, tgw_kikubaaqudgha

Skill      XL: |  1  2  3  4 |
---------------+-------------+-----
Axes           | 2 |  2.8
Armour         | 3 |  3.5
Dodging        | 1 2 |  2.0
Shields        | 3 |  3.5
Fighting       | |  3.8

Action                     |  1- 3 |  4- 6 || total
---------------------------+-------+-------++-------
  Melee: War axe           |    84 |    44 ||   128
         Tailslap          |     1 |     6 ||     7
    Use: Potion            |       |     3 ||     3
 Armour: Scale mail        |    33 |    33 ||    66
         Skin              |       |     8 ||     8
  Dodge: Dodged            |    35 |    31 ||    66
  Block: Buckler           |    16 |    14 ||    30
